 Dungeon Crawl Stone Soup version 0.19.1 (webtiles) character file.

791 Kanzey the Chopper (level 7, -2/70 HPs)
             Began as a Deep Dwarf Chaos Knight on Nov 26, 2016.
             Slain by a small abomination (13 damage)
             ... summoned by the capriciousness of Xom
             ... on level 6 of the Dungeon.
             The game lasted 00:41:53 (4738 turns).

Kanzey the Chopper (Deep Dwarf Chaos Knight)        Turns: 4738, Time: 00:41:53

Health: -2/70      AC: 10    Str: 15    XL:     7   Next: 57%
Magic:  7/7        EV: 13    Int: 13    God:    Xom [..*...]
Gold:   347        SH:  0    Dex: 12    Spells: 1 memorised, 5 levels left

rFire  . . .     SeeInvis .     a - +0 hand axe (chaos)
rCold  . . .     Gourm    .     b - +3 leather armour
rNeg   . . .     Faith    .     (no shield)
rPois  .         Spirit   .     r - +0 helmet
rElec  .         Reflect  .     (no cloak)
rCorr  +         Harm     .     (no gloves)
MR     ++...                    (no boots)
Stlth  ++........               (no amulet)
                                (no ring)
                                x - ring of resist corrosion

@: non-regenerating
A: damage resistance, recharge devices, molten scales 1, magic resistance 1,
sense surroundings 1, robust 1, shaggy fur 1, slow regeneration 3, weak 1
a: Device Recharging, Renounce Religion


You were on level 6 of the Dungeon.
You worshipped Xom.
You were a toy of Xom.
You were not hungry.

You visited 1 branch of the dungeon, and saw 6 of its levels.

You collected 347 gold pieces.

Inventory:

Hand Weapons
 a - a +0 hand axe of chaos (weapon)
 l - a cursed -3 club
 p - a +0 dagger of chaos
 q - a +0 whip
 t - the +2 spear of the Toadstool {pierce, rF+ rN+ Str+2}
   (You found it on level 5 of the Dungeon)

   It inflicts extra damage upon your enemies.
   It affects your strength (+2).
   It protects you from fire.
   It protects you from negative energy.
Armour
 b - a +3 leather armour (worn)
 h - a +2 robe of magic resistance
 r - a +0 helmet (worn)
 s - a +0 ring mail
Jewellery
 x - a ring of resist corrosion (left hand)
Wands
 c - a wand of heal wounds (2/9)
Scrolls
 e - a scroll of recharging
 f - 2 scrolls of magic mapping
 g - 2 scrolls of identify
 i - 3 scrolls of noise
 m - a scroll of fear
 n - 3 scrolls of teleportation
 w - a scroll of remove curse
 y - a scroll of random uselessness {unknown}
Potions
 v - 2 potions of berserk rage
 z - 2 potions of haste {unknown}
Books
 u - a book of Conjurations

   Spells                             Type                      Level
   a - Magic Dart                     Conjuration                  1
   b - Searing Ray                    Conjuration                  2
   c - Dazzling Spray                 Conjuration/Hexes            3
   d - Fulminant Prism                Conjuration/Hexes            4
   e - Iskenderun's Mystic Blast      Conjuration                  4
   f - Iskenderun's Battlesphere      Conjuration/Charms           5
Comestibles
 d - 2 bread rations
 o - 2 meat rations


   Skills:
 + Level 4.2 Fighting
 + Level 7.0 Axes
 + Level 0.3(3.5) Polearms
 + Level 4.0 Armour
 + Level 3.5 Dodging
 + Level 2.9 Stealth
 + Level 0.3 Evocations


You had 5 spell levels left.
You knew the following spells:

 Your Spells              Type           Power        Failure   Level  Hunger
a - Magic Dart            Conj           #...         38%         1    ##.....


Dungeon Overview and Level Annotations

Branches:
Dungeon (6/15)             Temple (0/1) D:5

Altars:
Cheibriados
Dithmenos
Fedhas
Gozag
Makhleb
Nemelex Xobeh
Qazlal
Uskayaw
Vehumet
Xom
The Shining One


Innate Abilities, Weirdness & Mutations

You are resistant to damage.
You can recharge devices by infusing magical energy.
You passively map a small area around you.
You do not regenerate.
You are partially covered in molten scales. (AC +2)
You are resistant to hostile enchantments. (MR+)
You are robust. (+10% HP)
You are covered in fur. (AC +1)
You are weak. (Str -2)


Message History

The small abomination is lightly damaged.
You hit the small abomination.
The small abomination appears confused.
The small abomination is heavily damaged.
You catch the helpless small abomination completely off-guard!
You hit the small abomination. You burn the small abomination.
The small abomination is severely damaged.
You hit the small abomination but do no damage.
The small abomination is severely damaged.
The small abomination seems less confused.
The small abomination hits you.
* * * LOW HITPOINT WARNING * * *
You barely miss the small abomination.
The small abomination is severely damaged.
The small abomination hits you but does no damage.
You hit the small abomination.
You feel a strange surge of energy!
The small abomination is almost destroyed.
You closely miss the small abomination.
The small abomination is almost destroyed.
The small abomination hits you!
You die...

.........###.......##.##.#
######..##.##.##.####.##.#
######......####.####.##.#
......................##.#
######..>.............##.#
#.........#.#######.#
#......##.#.# #.#
#...#.###.#.# #.# #...###
#.#@# #.# #...# #..x# #.#
######.#.#####.### #.#
.......#.......#########.#
.........>.####..........#
######.########.##########
#.........<# ############


You could see a small abomination.

Vanquished Creatures
  An ogre (D:4)
  2 scorpions (D:5)
  A crimson imp (D:4)
  A hound (D:6)
  A gnoll shaman (D:5)
  5 orc wizards
  A bullfrog skeleton (D:5)
  3 orc priests
  2 worker ants
  Robin (D:2)
  5 gnolls (D:5)
  5 adders
  An ooze (D:1)
  2 dart slugs
  3 leopard geckos
  18 orcs
  6 bats
  3 giant cockroaches
  11 goblins
  6 hobgoblins
  12 jackals
  6 kobolds
  2 quokkas (D:4)
  5 frilled lizards
  10 rats
  3 bushes (D:1)
  A plant (D:3)
  5 toadstools (D:1)
122 creatures vanquished.

Vanquished Creatures (others)
  A fire vortex (D:1)
  A plant (D:6)
2 creatures vanquished.

Grand Total: 124 creatures vanquished

Notes
Turn   | Place    | Note
-------+----------+-------------------------------------------
     0 | D:1      | Kanzey the Deep Dwarf Chaos Knight began the quest for the Orb.
     0 | D:1      | Reached XP level 1. HP: 20/20 MP: 1/1
   171 | D:1      | Reached XP level 2. HP: 24/27 MP: 2/2
   249 | D:1      | XOM: noise
   737 | D:1      | Reached XP level 3. HP: 29/34 MP: 3/3
  1134 | D:2      | Reached skill level 4 in Axes
  1410 | D:2      | Noticed Robin
  1417 | D:2      | XOM: harmless Air miscast
  1424 | D:2      | Reached XP level 4. HP: 32/42 MP: 4/4
  1453 | D:2      | XOM: silly message
  1461 | D:2      | XOM: potion effect (curing)
  1462 | D:2      | XOM: silly message
  1466 | D:2      | XOM: potion effect (haste)
  1482 | D:2      | XOM: harmless Chrm miscast
  1494 | D:2      | Killed Robin
  1544 | D:2      | XOM: torment (17/42 hp)
  1588 | D:2      | Gained mutation: You are robust. (+10% HP) [potion of mutation]
  1588 | D:2      | Gained mutation: You are partially covered in molten scales. (AC +2) [potion of mutation]
  1588 | D:2      | Gained mutation: You are weak. (Str -2) [potion of mutation]
  1755 | D:3      | XOM: mild Erth miscast
  1855 | D:3      | XOM: divination: detect creatures
  1993 | D:3      | XOM: confuse monster(s)
  2043 | D:3      | XOM: divination: detect items
  2053 | D:3      | Reached XP level 5. HP: 30/53 MP: 5/5
  2086 | D:3      | Reached skill level 1 in Stealth
  2201 | D:3      | XOM: give mutations
  2201 | D:3      | Gained mutation: You are covered in fur. (AC +1) [Xom's grace]
  2201 | D:3      | Gained mutation: You are resistant to hostile enchantments. (MR+) [Xom's grace]
  2221 | D:3      | Found a glowing golden altar of the Shining One.
  2290 | D:3      | XOM: scenery: create altars
  2318 | D:3      | XOM: harmless Chrm miscast
  2334 | D:3      | Found a shadowy altar of Dithmenos.
  2473 | D:4      | XOM: harmless Tloc miscast
  2556 | D:4      | Reached skill level 5 in Axes
  2818 | D:4      | XOM: potion effect (heal wounds)
  2857 | D:4      | Noticed an ogre
  2869 | D:4      | Killed an ogre
  2869 | D:4      | Reached XP level 6. HP: 60/61 MP: 6/6
  2970 | D:4      | Found a shimmering altar of Xom.
  2971 | D:4      | Found a burning altar of Makhleb.
  3142 | D:5      | Entered Level 5 of the Dungeon
  3150 | D:4      | XOM: divination: magic mapping
  3247 | D:5      | Reached skill level 6 in Axes
  3257 | D:5      | XOM: potion effect (might)
  3426 | D:5      | XOM: harmless Ice miscast
  3438 | D:5      | Reached XP level 7. HP: 63/69 MP: 7/7
  3505 | D:5      | XOM: silly message
  3589 | D:5      | Found a staircase to the Ecumenical Temple.
  3684 | D:5      | XOM: potion effect (invisibility)
  3845 | D:5      | Got a steaming spear
  3846 | D:5      | Identified the cursed +2 spear of the Toadstool {pierce, rF+ rN+ Str+2} (You found it on level 5 of the Dungeon)
  4043 | D:5      | Found an opulent altar of Gozag.
  4045 | D:5      | Found a snail-covered altar of Cheibriados.
  4045 | D:5      | Found a radiant altar of Vehumet.
  4046 | D:5      | Found a hide-covered altar of Uskayaw.
  4080 | D:5      | XOM: divination: detect items
  4084 | D:5      | Learned a level 1 spell: Magic Dart
  4464 | D:6      | Found a blossoming altar of Fedhas.
  4472 | D:6      | Found a stormy altar of Qazlal.
  4489 | D:6      | Reached skill level 7 in Axes
  4518 | D:6      | Found a sparkling altar of Nemelex Xobeh.
  4653 | D:6      | XOM: medium Summ miscast
  4685 | D:6      | Xom revived you
  4738 | D:6      | Slain by a small abomination

Skill      XL: |  1  2  3  4  5  6  7 |
---------------+----------------------+-----
Fighting       | 3 4 |  4.2
Axes           | 4 5 6 7 |  7.0
Dodging        | 2 3 |  3.5
Stealth        | 2 |  2.9
Armour         | 3 4 |  4.0
Polearms       | |  0.3
Evocations     | |  0.3

Action                   |  1- 3 |  4- 6 |  7- 9 || total
-------------------------+-------+-------+-------++-------
Melee: Hand axe          |   202 |   226 |   160 ||   588
       Spear             |       |       |    12 ||    12
Evoke: Wand              |       |     3 |     2 ||     5
  Use: Scroll            |       |    13 |     2 ||    15
       Potion            |       |     4 |     1 ||     5
 Stab: Paralysed         |       |     2 |     4 ||     6
       Confused          |       |     2 |     3 ||     5
       Sleeping          |       |     1 |     1 ||     2
       Invisible         |       |       |     3 ||     3
       Petrifying        |       |       |     1 ||     1
  Eat: Chunk             |     2 |     2 |     3 ||     7
       Meat ration       |       |     1 |       ||     1
       Pizza             |       |       |     1 ||     1
Armor: Leather armour    |   134 |    56 |    55 ||   245
Dodge: Dodged            |   197 |    85 |    78 ||   360
